 Dungeon Crawl Stone Soup version 0.28-a0-194-g42b4daccc1 (webtiles) character file.

Game seed: 11397357354286558444

87 willcat the Sneak (level 4, 0/31 HPs)
             Began as an Octopode Delver on Aug 18, 2021.
             Slain by a kobold (4 damage)
             ... on level 6 of the Dungeon.
             The game lasted 00:00:28 (164 turns).

willcat the Sneak (Octopode Delver)                  Turns: 164, Time: 00:00:29

Health: 0/31       AC:  1    Str: 11    XL:     4   Next: 51%
Magic:  4/4        EV: 14    Int: 12    God:
Gold:   12         SH:  0    Dex: 14    Spells: 3/3 levels left

rFire   . . .      SeeInvis .   a - +0 short sword
rCold   . . .      Faith    .   (no shield)
rNeg    . . .      Spirit   .   (helmet restricted)
rPois   .          Reflect  .   (no amulet)
rElec   .          Harm     .   (no ring)
rCorr   .          Rampage  .   (no ring)
Will    .....                   (no ring)
Stlth   +++++.....              (no ring)
HPRegen 0.10/turn               (no ring)
MPRegen 0.09/turn               (no ring)
                                (no ring)
                                (no ring)

@: no status effects
A: almost no armour, amphibious, 8 rings, camouflage 1, gelatinous body 1,
(nimble swimmer 1), tentacles
a: no special abilities


You were on level 6 of the Dungeon.
You visited 1 branch of the dungeon, and saw 2 of its levels.

You collected 12 gold pieces.

Inventory:

Hand Weapons
 a - a +0 short sword (weapon)
Wands
 f - a wand of digging (3)
Scrolls
 b - a scroll of fog
 c - a scroll of magic mapping
 d - a scroll of fear
Potions
 e - a potion of haste


   Skills:
 - Level 3.0 Fighting
 + Level 3.0 Short Blades
 + Level 3.1 Dodging
 + Level 7.4 Stealth


You had 3 spell levels left.
You didn't know any spells.
Your spell library was empty.

Dungeon Overview and Level Annotations

Branches:
Dungeon (6/15)
 Temple: D:4-7

Altars:


Innate Abilities, Weirdness & Mutations

You cannot wear most types of armour.
You are amphibious.
You can wear up to eight rings at the same time.
Your skin changes colour to match your surroundings (Stealth+).
Your rubbery body absorbs attacks. (AC +1, EV +1)
((You are camouflaged near water. (Stealth+)))
You have tentacles for arms and can constrict up to eight enemies at once.


Message History

The kobold barely misses you.
You hit the kobold but do no damage.
The kobold is heavily wounded.
You constrict the kobold. The kobold barely misses you.
You hit the kobold.
You kill the kobold!
You barely miss the kobold. Your grab misses the kobold.
The kobold hits you with a +1 dagger of pain.
You hit the kobold but do no damage. Your grab misses the kobold.
A kobold comes into view. It is wielding a +0 war axe.
The kobold shouts!
You hit the kobold brigand. Your grab misses the kobold brigand.
The kobold brigand is lightly wounded.
You hit the kobold brigand. Your grab misses the kobold brigand.
You squeeze the kobold brigand.
The kobold brigand is moderately wounded.
The kobold brigand hits you with a +0 club.
You hit the kobold brigand. You grab the kobold brigand.
The kobold brigand is heavily wounded.
You constrict the kobold brigand.
The kobold brigand hits you with a +0 club.
You hit the kobold brigand.
The kobold brigand is severely wounded.
You constrict the kobold brigand, but do no damage.
The kobold brigand hits you with a +0 club!
You are too injured to fight recklessly!
Unknown command.
You hit the kobold brigand.
The kobold brigand is almost dead.
You constrict the kobold brigand, but do no damage.
The kobold brigand hits you with a +0 club.
The kobold misses you.
Unknown command.
You hit the kobold brigand but do no damage.
The kobold brigand is almost dead.
You constrict the kobold brigand.
The kobold brigand hits you with a +0 club!
* * * LOW HITPOINT WARNING * * *
The kobold hits you with a +0 war axe.
You die...

##...#####' #.....†....
#.......... #
###########.####..##
##.##.......#...####..##
..............†.#.......
................#.......
.....[K.........'.......
#@###+##..###...##
..##'######K##..##..########
K..K.KK...KKK.........# #.
....K.K....K..........# #.
......................# ##
+###..................#
#...####..##.###..## #...
#####.# #..# ..... ... ....#


You could see a kobold brigand and 5 kobolds.

Vanquished Creatures
  2 hounds (D:6)
  2 adders (D:6)
  A shadow imp (D:6)
  A kobold (D:6)
6 creatures vanquished.

Notes
Turn   | Place    | Note
-------+----------+-------------------------------------------
     0 | D:5      | willcat the Octopode Delver began the quest for the Orb.
     0 | D:5      | Reached XP level 1. HP: 16/16 MP: 1/1
    25 | D:6      | Reached XP level 2. HP: 21/21 MP: 2/2
    33 | D:6      | Reached skill level 7 in Stealth
    33 | D:6      | Reached XP level 3. HP: 26/26 MP: 3/3
    44 | D:6      | Reached XP level 4. HP: 31/31 MP: 4/4
   146 | D:6      | Noticed a kobold brigand
   164 | D:6      | Slain by a kobold

Illustrated notes

Levels and vault maps discovered:
D:5:      layout_basic, uniq_eustachio, uniq_pikel
D:6:      minmay_bubble_buster, layout_gridville, kennysheep_mini

Skill      XL: |  1  2  3  4 |
---------------+-------------+-----
Stealth        | 7 |  7.4
Short Blades   | 3 |  3.0
Dodging        | 3 |  3.1
Fighting       | |  3.0

Action                   |  1- 3 |  4- 6 || total
-------------------------+-------+-------++-------
Melee: Short sword       |     5 |    13 ||    18
       Constrict         |     1 |     2 ||     3
       Tentacles         |     1 |     1 ||     2
 Stab: Sleeping          |     3 |     1 ||     4
Dodge: Dodged            |     4 |     6 ||    10

Table legend: (Time is in decaauts)
 A = Elapsed time spent in this place.
 B = Non-inter-level travel time spent in this place.
 C = Inter-level travel time spent in this place.
 D = Time resting spent in this place.
 E = Time spent auto-exploring this place.
 F = Levels seen in this place.
 G = Mean time per level.
                   A        B        C        D        E       F      G
               +--------+--------+--------+--------+--------+-----+--------+
         Total |    163 |    163 |      0 |      0 |    104 |   2 |   81.5 |
       Dungeon |    163 |    163 |      0 |      0 |    104 |   2 |   81.5 |
               +--------+--------+--------+--------+--------+-----+--------+

Top non-repeatable levels by time:
     D:6: 152 daAuts
     D:5: 11 daAuts
